APL (24 & UNDER)
MONTGOMERY GREY SOX @ SCOTTSDALE SCORPIONS
04/28/2026
 
TOP OF THE 1ST
Montgomery Grey Sox batting - Pitching for Scottsdale Scorpions : LHP Eric Fisher
Pitching: LHP Eric Fisher
Batting: LHB Al Gaines 0-0: Ball
1-0: Foul Ball, location: 2F
1-1: Called Strike
1-2: Ball
2-2: Ball
3-2: Strikes out swinging
Batting: RHB José Montoya 0-0: Ball
1-0: Ball
2-0: Ball
3-0: Called Strike
3-1: Foul Ball, location: 2F
3-2: Foul Ball, location: 2F
3-2: Foul Ball, location: 2F
3-2: Foul Ball, location: 2F
3-2: SINGLE (Line Drive, 78S)
Batting: SHB Joe Pierce 0-0: Ball
1-0: Called Strike
1-1: Called Strike
1-2: Ball
2-2: Strikes out swinging
José Montoya steals 2nd base
Batter strikes out.
Batting: RHB Bob Johnson 0-0: DOUBLE (Flyball, 8LXD)
José Montoya scores
Batting: RHB Dean Bailey 0-0: Ball
1-0: Called Strike
1-1: Foul Ball, location: 2F
1-2: Strikes out looking
Top of the 1st over - 1 run(s), 2 hit(s), 0 error(s), 1 left on base; Montgomery 1 - Scottsdale 0
BOTTOM OF THE 1ST
Scottsdale Scorpions batting - Pitching for Montgomery Grey Sox : RHP Michael Young
Pitching: RHP Michael Young
Batting: RHB David Suarze 0-0: Foul Ball, location: 2F
0-1: Ball
1-1: Swinging Strike
1-2: Ball
2-2: Strikes out looking
Batting: RHB Doug Delaney 0-0: Ball
1-0: Called Strike
1-1: Foul Ball, location: 2F
1-2: SOLO HOME RUN (Flyball, 8LXD), Distance : 401 ft
Batting: SHB William Daly 0-0: Ball
1-0: Ball
2-0: Ball
3-0: Called Strike
3-1: Called Strike
3-2: Foul Ball, location: 2F
3-2: Ground out 1-3 (Groundball, 13S)
Batting: RHB Jeff Bane 0-0: Ball
1-0: Ball
2-0: Called Strike
2-1: Foul Ball, location: 2F
2-2: Ground out 5-3 (Groundball, 5S)
Bottom of the 1st over - 1 run(s), 1 hit(s), 0 error(s), 0 left on base; Montgomery 1 - Scottsdale 1
TOP OF THE 2ND
Montgomery Grey Sox batting - Pitching for Scottsdale Scorpions : LHP Eric Fisher
Batting: RHB Rusty Downy 0-0: Called Strike
0-1: Ball
1-1: Fly out, F8 (Flyball, 8RXD)
Batting: SHB Hoyt Norris 0-0: Ball
1-0: Called Strike
1-1: Ball
2-1: Foul Ball, location: 2F
2-2: Foul Ball, location: 2F
2-2: Foul Ball, location: 2F
2-2: Foul Ball, location: 2F
2-2: Strikes out swinging passed ball, reaches first!
Batting: RHB José Carlos Caraballo 0-0: Ball
1-0: Called Strike
1-1: Ball
2-1: 2-RUN HOME RUN (Flyball, 78XD), Distance : 375 ft
Batting: RHB Félix Cruz 0-0: Foul Ball, location: 2F
0-1: SINGLE (Line Drive, 7S)
Batting: LHB Al Gaines 0-0: Ball
1-0: Called Strike
1-1: Foul Ball, location: 2F
1-2: Strikes out swinging
Batting: RHB José Montoya 0-0: Called Strike
0-1: Ball
1-1: Foul Ball, location: 2F
1-2: DOUBLE (Groundball, 5L)
Félix Cruz to third
Runner from 3rd tries for Home, throw and OUT!
Top of the 2nd over - 2 run(s), 3 hit(s), 0 error(s), 1 left on base; Montgomery 3 - Scottsdale 1
BOTTOM OF THE 2ND
Scottsdale Scorpions batting - Pitching for Montgomery Grey Sox : RHP Michael Young
Batting: SHB Ralph Robison 0-0: Ball
1-0: Swinging Strike
1-1: Foul Ball, location: 2F
1-2: Ball
2-2: SINGLE (Groundball, 34D)
Batting: RHB Geomar Dalsoglio 0-0: Called Strike
0-1: Fly out, F6 (Line Drive, 6)
Batting: LHB Ernesto Hernández 0-0: Ball
1-0: Ball
2-0: Swinging Strike
2-1: Foul Ball, location: 2F
2-2: Strikes out swinging
Batting: RHB Edgardo Gonzáles 0-0: Called Strike
0-1: Ball
1-1: Swinging Strike
1-2: Strikes out swinging
Bottom of the 2nd over - 0 run(s), 1 hit(s), 0 error(s), 1 left on base; Montgomery 3 - Scottsdale 1
TOP OF THE 3RD
Montgomery Grey Sox batting - Pitching for Scottsdale Scorpions : LHP Eric Fisher
Batting: SHB Joe Pierce 0-0: Called Strike
0-1: Ball
1-1: Ball
2-1: Called Strike
2-2: Foul Ball, location: 2F
2-2: Strikes out looking
Batting: RHB Bob Johnson 0-0: Ball
1-0: SINGLE (Groundball, 56D)
Batting: RHB Dean Bailey 0-0: Foul Ball, location: 2F
0-1: Ball
1-1: Called Strike
1-2: Grounds into double play, 6-4-3 (Groundball, 6)
Top of the 3rd over - 0 run(s), 1 hit(s), 0 error(s), 0 left on base; Montgomery 3 - Scottsdale 1
BOTTOM OF THE 3RD
Scottsdale Scorpions batting - Pitching for Montgomery Grey Sox : RHP Michael Young
Batting: RHB Cristián Román 0-0: Ball
1-0: Ground out 4-3 (Groundball, 4M)
Batting: RHB David Suarze 0-0: Ball
1-0: Ball
2-0: Ball
3-0: Called Strike
3-1: Swinging Strike
3-2: Foul Ball, location: 2F
3-2: Strikes out swinging
Batting: RHB Doug Delaney 0-0: Ball
1-0: Ball
2-0: Ball
3-0: Base on Balls
Batting: SHB William Daly 0-0: SINGLE (Groundball, 4MD)
Doug Delaney to second
Runner from 2nd tries for 3rd, SAFE, no throw or cutoff
Batting: RHB Jeff Bane 0-0: Called Strike
0-1: Ball
1-1: Fielders Choice at 2nd, U4 (Groundball, 4M)
Bottom of the 3rd over - 0 run(s), 1 hit(s), 0 error(s), 2 left on base; Montgomery 3 - Scottsdale 1
TOP OF THE 4TH
Montgomery Grey Sox batting - Pitching for Scottsdale Scorpions : LHP Eric Fisher
Batting: RHB Rusty Downy 0-0: Foul Ball, location: 2F
0-1: Foul Ball, location: 2F
0-2: Foul Ball, location: 2F
0-2: SINGLE (Line Drive, 78S)
Batting: SHB Hoyt Norris 0-0: Called Strike
0-1: Swinging Strike
0-2: Ball
1-2: Foul Ball, location: 2F
1-2: Ball
2-2: Strikes out swinging
Rusty Downy steals 2nd base
Batter strikes out.
Batting: RHB José Carlos Caraballo 0-0: Ball
1-0: Ball
2-0: Ball
3-0: Base on Balls
Batting: RHB Félix Cruz 0-0: Ball
1-0: Ball
2-0: Called Strike
2-1: Ground out 5-3 (Groundball, 56S)
Rusty Downy to third
José Carlos Caraballo to second
Batting: LHB Al Gaines 0-0: Ground out 4-3 (Groundball, 4)
Top of the 4th over - 0 run(s), 1 hit(s), 0 error(s), 2 left on base; Montgomery 3 - Scottsdale 1
BOTTOM OF THE 4TH
Scottsdale Scorpions batting - Pitching for Montgomery Grey Sox : RHP Michael Young
Batting: SHB Ralph Robison 0-0: Called Strike
0-1: Foul Ball, location: 2F
0-2: Strikes out swinging
Batting: RHB Geomar Dalsoglio 0-0: Ball
1-0: Ball
2-0: Ball
3-0: Base on Balls
Batting: LHB Ernesto Hernández 0-0: Called Strike
0-1: Called Strike
Geomar Dalsoglio steals 2nd base
0-2: Ball
1-2: Ball
2-2: Ball
3-2: Foul Ball, location: 2F
3-2: Base on Balls
Batting: RHB Edgardo Gonzáles 0-0: Called Strike
Geomar Dalsoglio is caught stealing 3rd base
Ernesto Hernández to second
0-1: Ball
1-1: Ground out 4-3 (Groundball, 4)
Bottom of the 4th over - 0 run(s), 0 hit(s), 0 error(s), 1 left on base; Montgomery 3 - Scottsdale 1
TOP OF THE 5TH
Montgomery Grey Sox batting - Pitching for Scottsdale Scorpions : LHP Eric Fisher
Batting: RHB José Montoya 0-0: Ball
1-0: Fly out, F6 (Popup, 6)
Batting: SHB Joe Pierce 0-0: Ball
1-0: Ball
2-0: Ball
3-0: Called Strike
3-1: Swinging Strike
3-2: Foul Ball, location: 2F
3-2: Ground out 5-3 (Groundball, 5L)
Batting: RHB Bob Johnson 0-0: SINGLE (Groundball, 56D) (infield hit)
Pitching: RHP Sterling Caldwell
Batting: RHB Dean Bailey 0-0: Foul Ball, location: 2F
0-1: Ball
1-1: SINGLE (Line Drive, 89S)
Bob Johnson to second
Runner from 2nd tries for 3rd, SAFE, no throw or cutoff
Batting: RHB Rusty Downy 0-0: Ball
1-0: SINGLE (Groundball, 6M)
Bob Johnson scores
Dean Bailey to second
Batting: SHB Hoyt Norris 0-0: Ball
1-0: Ball
2-0: Ball
3-0: Called Strike
3-1: Called Strike
3-2: Foul Ball, location: 2F
3-2: Foul Ball, location: 2F
3-2: SINGLE (Flyball, 78S)
Dean Bailey to third
Rusty Downy to second
Dean Bailey scores
Rusty Downy to third
Batting: RHB José Carlos Caraballo 0-0: Ball
1-0: DOUBLE (Line Drive, 9LS)
Rusty Downy scores
Hoyt Norris to third
Runner from 3rd tries for Home, SAFE, no throw or cutoff
Batting: RHB Félix Cruz 0-0: Called Strike
0-1: Called Strike
0-2: Ball
1-2: Foul Ball, location: 2F
1-2: Strikes out swinging
Top of the 5th over - 4 run(s), 5 hit(s), 0 error(s), 1 left on base; Montgomery 7 - Scottsdale 1
BOTTOM OF THE 5TH
Scottsdale Scorpions batting - Pitching for Montgomery Grey Sox : RHP Michael Young
Batting: RHB Cristián Román 0-0: SINGLE (Groundball, 34D)
Batting: RHB David Suarze 0-0: Called Strike
0-1: Ball
1-1: Ground out 6-3 (Groundball, 6S)
Cristián Román to second
Batting: RHB Doug Delaney 0-0: Ball
1-0: Fly out, F8 (Flyball, 8RM)
Batting: SHB William Daly 0-0: Foul Ball, location: 2F
0-1: Ball
1-1: Foul Ball, location: 2F
1-2: Ball
2-2: SINGLE (Groundball, 56D)
Cristián Román to third
Runner from 3rd tries for Home, SAFE, throw made home
William Daly to second
Batting: RHB Jeff Bane 0-0: Fly out, F3 (Popup, 34)
Bottom of the 5th over - 1 run(s), 2 hit(s), 0 error(s), 1 left on base; Montgomery 7 - Scottsdale 2
TOP OF THE 6TH
Montgomery Grey Sox batting - Pitching for Scottsdale Scorpions : RHP Sterling Caldwell
Pitching: RHP Julián García
Batting: LHB Al Gaines 0-0: Called Strike
0-1: SINGLE (Groundball, 34D) (infield hit)
Batting: RHB José Montoya 0-0: Called Strike
0-1: Ball
1-1: Ball
2-1: Foul Ball, location: 2F
2-2: Strikes out swinging
Batting: SHB Joe Pierce 0-0: Ball
1-0: Ball
2-0: Called Strike
2-1: Foul Ball, location: 2F
2-2: Foul Ball, location: 2F
2-2: Strikes out swinging
Al Gaines is caught stealing 2nd base
Batter strikes out.
Top of the 6th over - 0 run(s), 1 hit(s), 0 error(s), 0 left on base; Montgomery 7 - Scottsdale 2
BOTTOM OF THE 6TH
Scottsdale Scorpions batting - Pitching for Montgomery Grey Sox : RHP Michael Young
Batting: SHB Ralph Robison 0-0: Ball
1-0: Called Strike
1-1: Swinging Strike
1-2: Ball
2-2: Ground out U3 (Groundball, 3)
Pitching: RHP Matt Kinnieson
Batting: RHB Geomar Dalsoglio 0-0: Foul Ball, location: 2F
0-1: Foul Ball, location: 2F
0-2: Ball
1-2: Ground out 5-3 (Groundball, 56)
Batting: LHB Ernesto Hernández 0-0: Ball
1-0: Ball
2-0: Foul Ball, location: 2F
2-1: Ball
3-1: Foul Ball, location: 2F
3-2: Foul Ball, location: 2F
3-2: Ground out 4-3 (Groundball, 4)
Bottom of the 6th over - 0 run(s), 0 hit(s), 0 error(s), 0 left on base; Montgomery 7 - Scottsdale 2
TOP OF THE 7TH
Montgomery Grey Sox batting - Pitching for Scottsdale Scorpions : RHP Julián García
Batting: RHB Bob Johnson 0-0: Called Strike
0-1: Ball
1-1: Ball
2-1: Foul Ball, location: 2F
2-2: Foul Ball, location: 2F
2-2: SINGLE (Line Drive, 34D)
Batting: RHB Dean Bailey 0-0: Called Strike
0-1: Ball
1-1: Ball
2-1: Fly out, F7 (Flyball, 7M)
Batting: RHB Rusty Downy 0-0: Foul Ball, location: 2F
0-1: Foul Ball, location: 2F
0-2: Strikes out swinging
Bob Johnson is caught stealing 2nd base
Batter strikes out.
Top of the 7th over - 0 run(s), 1 hit(s), 0 error(s), 0 left on base; Montgomery 7 - Scottsdale 2
BOTTOM OF THE 7TH
Scottsdale Scorpions batting - Pitching for Montgomery Grey Sox : RHP Matt Kinnieson
Batting: RHB Edgardo Gonzáles 0-0: Ball
1-0: Swinging Strike
1-1: Ball
2-1: Foul Ball, location: 2F
2-2: Ball
3-2: Base on Balls
Batting: RHB Cristián Román 0-0: Foul Ball, location: 2F
0-1: Foul Ball, location: 2F
0-2: Strikes out swinging
Batting: RHB David Suarze 0-0: Ball
1-0: Called Strike
1-1: Called Strike
1-2: Foul Ball, location: 2F
1-2: Foul Ball, location: 2F
1-2: Foul Ball, location: 2F
1-2: 2-RUN HOME RUN (Flyball, 8LXD), Distance : 402 ft
Batting: RHB Doug Delaney 0-0: Ball
1-0: Ball
2-0: SINGLE (Line Drive, 4MD)
Batting: SHB William Daly 0-0: Ball
1-0: Ball
2-0: Called Strike
2-1: Foul Ball, location: 2F
2-2: Ball
3-2: SINGLE (Line Drive, 56D)
Doug Delaney to second
Doug Delaney to third
Batting: RHB Jeff Bane 0-0: Called Strike
0-1: Fly out, F8 (Flyball, 8LS)
Batting: SHB Ralph Robison 0-0: Ball
1-0: Ball
2-0: Ball
3-0: Called Strike
3-1: Foul Ball, location: 2F
3-2: SINGLE (Groundball, 56)
Doug Delaney scores
William Daly to second
William Daly to third
Pitching: RHP Brian Barker
Pinch Hitting: LHB Claudio Rodríguez 0-0: Ball
1-0: Foul Ball, location: 2F
1-1: Ball
2-1: Ball
3-1: Called Strike
3-2: Foul Ball, location: 2F
3-2: Fly out, F7 (Flyball, 7M)
Bottom of the 7th over - 3 run(s), 4 hit(s), 0 error(s), 2 left on base; Montgomery 7 - Scottsdale 5
TOP OF THE 8TH
Montgomery Grey Sox batting - Pitching for Scottsdale Scorpions : RHP Julián García
Pitching: RHP Paul Clark
Now at SS: Lúcio Ramírez
Batting: SHB Hoyt Norris 0-0: Called Strike
0-1: Foul Ball, location: 2F
0-2: Strikes out looking
Batting: RHB José Carlos Caraballo 0-0: Foul Ball, location: 2F
0-1: Foul Ball, location: 2F
0-2: Foul Ball, location: 2F
0-2: Strikes out swinging
Batting: RHB Félix Cruz 0-0: Called Strike
0-1: Ball
1-1: Foul Ball, location: 2F
1-2: Strikes out swinging
Top of the 8th over - 0 run(s), 0 hit(s), 0 error(s), 0 left on base; Montgomery 7 - Scottsdale 5
BOTTOM OF THE 8TH
Scottsdale Scorpions batting - Pitching for Montgomery Grey Sox : RHP Brian Barker
Batting: LHB Ernesto Hernández 0-0: Called Strike
0-1: Ball
1-1: Swinging Strike
1-2: Strikes out looking
Batting: RHB Edgardo Gonzáles 0-0: Ball
1-0: Called Strike
1-1: Ball
2-1: Swinging Strike
2-2: Foul Ball, location: 2F
2-2: Ball
3-2: Foul Ball, location: 2F
3-2: Base on Balls
Pitching: LHP José Mercado
Batting: RHB Cristián Román 0-0: Foul Ball, location: 2F
0-1: Foul Ball, location: 2F
0-2: Fly out, F9 (Flyball, 9M)
Batting: RHB David Suarze 0-0: Called Strike
0-1: Ball
1-1: Swinging Strike
1-2: Ball
2-2: Ball
3-2: Base on Balls
Edgardo Gonzáles to second
Pinch Hitting: RHB Gary Thomas 0-0: Fly out, F7 (Flyball, 7LS)
Bottom of the 8th over - 0 run(s), 0 hit(s), 0 error(s), 2 left on base; Montgomery 7 - Scottsdale 5
TOP OF THE 9TH
Montgomery Grey Sox batting - Pitching for Scottsdale Scorpions : RHP Paul Clark
Now at 3B: Gary Thomas
Batting: LHB Al Gaines 0-0: Called Strike
0-1: Ball
1-1: Ball
2-1: Ball
3-1: Base on Balls
Batting: RHB José Montoya 0-0: Called Strike
0-1: Ball
1-1: Sac Bunt - play at first, batter OUT! 5-4
Al Gaines to second
Batting: SHB Joe Pierce 0-0: Swinging Strike
0-1: Ball
1-1: Called Strike
1-2: Strikes out swinging
Batting: RHB Bob Johnson 0-0: Ball
1-0: Swinging Strike
1-1: Ball
2-1: Ground out 5-3 (Groundball, 56S)
Top of the 9th over - 0 run(s), 0 hit(s), 0 error(s), 1 left on base; Montgomery 7 - Scottsdale 5
BOTTOM OF THE 9TH
Scottsdale Scorpions batting - Pitching for Montgomery Grey Sox : LHP José Mercado
Pitching: RHP Clancy Steele
Batting: SHB William Daly 0-0: Called Strike
0-1: Ball
1-1: Foul Ball, location: 2F
1-2: Ball
2-2: Foul Ball, location: 2F
2-2: Foul Ball, location: 2F
2-2: Ball
3-2: Foul Ball, location: 2F
3-2: Ground out 4-3 (Groundball, 4)
Batting: RHB Jeff Bane 0-0: Called Strike
0-1: Ball
1-1: Called Strike
1-2: Strikes out swinging
Batting: SHB Ralph Robison 0-0: Ball
1-0: Ground out 4-3 (Groundball, 4)
Bottom of the 9th over - 0 run(s), 0 hit(s), 0 error(s), 0 left on base; Montgomery 7 - Scottsdale 5
Monday, December 5th, 2016 - OOTP Baseball 17.12 Build 75